Map: Battle on the Boardwalk LE

Players

Magnus - Winner!

  • Race: Zerg Zerg
  • League: Diamond
  • Spawn Location: 1:00

Dessa

  • Race: Zerg Zerg
  • League: Diamond
  • Spawn Location: 11:00

VOD

Have the link to the VOD?

Description

Time

  • Played on: Dec. 18, 2017, 10:57 a.m.
  • Length: 12:12
Show
View Real Time Build Order
Export as new Build Order

Magnus Zerg - Winner!

Build Orders: Pool First, Zergling Baneling 

Get SALT Encoding   

  12  0:01  Drone  
  13  0:12  Overlord  
  13  0:16  Drone  
  14  0:31  Drone x2  
  14  0:35  Drone  
  17  0:51  Spawning Pool  
  17  0:52  Drone  
  17  0:53  Extractor  
  17  0:57  Drone  
  17  1:18  Hatchery  
  16  1:23  Drone  
  17  1:28  Drone  
  17  1:29  Drone  
  19  1:42  Queen  
  19  1:46  Zergling x2  
  22  1:52  Overlord  
  22  2:01  Overlord  
  22  2:11  Baneling Nest, Drone  
  22  2:17  Metabolic Boost  
  23  2:22  Zergling x2  
  23  2:30  Queen  
  23  2:33  Zergling x2  
  26  2:43  Zergling x6  
  29  2:54  Baneling x2  
  29  2:56  Zergling x6  
  32  3:06  Zergling x6  
  30  3:22  Zergling x2  
  30  3:23  Zergling x8  
  32  3:36  Drone  
  32  3:37  Drone, Zergling x2  
  32  3:40  Drone x2  
  32  3:41  Drone  
  38  3:43  Baneling x2  
  30  3:56  Zergling x6  
  33  4:05  Spine Crawler  
  32  4:10  Overlord  
  32  4:11  Zergling x2  
  32  4:12  Zergling x4  
  35  4:27  Drone x6  
  38  4:48  Baneling x5  
  38  4:49  Baneling x2  
  38  4:50  Baneling x2  
  38  4:51  Zergling x10  
  43  4:56  Drone x2  
  43  4:58  Drone  
  46  5:03  Lair  
  46  5:07  Zergling x2  
  46  5:08  Zergling x2  
  46  5:13  Drone x2  
  43  5:33  Zergling x12  
  43  5:34  Zergling x4  
  51  5:37  Spine Crawler  
  51  5:38  Zergling x2  
  50  5:45  Zergling x4  
  47  6:05  Roach Warren  
  47  6:07  Baneling x6  
  47  6:08  Baneling x2  
  47  6:09  Zergling x12  
  52  6:15  Extractor  
  51  6:22  Drone  
  52  6:30  Overlord  
  52  6:31  Overlord x3  
  39  7:04  Zergling x12  
  39  7:05  Zergling x12  
  47  7:16  Roach x2  
  47  7:22  Baneling x3  
  51  7:26  Roach x3  
  51  7:29  Drone x2  
  59  7:35  Hatchery  
  58  7:45  Drone  
  58  7:47  Drone x4  
  58  7:51  Drone  
  64  8:00  Drone, Overlord  
  64  8:01  Drone x2  
  67  8:07  Evolution Chamber  
  67  8:08  Evolution Chamber  
  67  8:09  Extractor, Glial Reconstitution  
  67  8:11  Roach x2  
  68  8:20  Extractor  
  68  8:25  Drone x3  
  70  8:27  Drone x3  
  70  8:29  Roach  
  70  8:32  Roach  
  77  8:37  Ravager  
  77  8:40  Drone  
  79  8:43  Overseer  
  79  8:57  Roach x4  
  79  8:58  Roach x2  
  91  9:03  Ravager  
  92  9:12  Drone  
  92  9:13  Drone  
  94  9:21  Hatchery  
  94  9:22  Hydralisk Den, Zerg Missile Weapons Level 1  
  92  9:29  Overseer  
  92  9:35  Extractor  
  92  9:36  Extractor  
  90  9:39  Zergling x14  
  97  10:01  Overlord x6  
  97  10:09  Overlord  
  97  10:10  Overlord  
  96  10:22  Roach x5  
  96  10:23  Roach x5  
  116  10:28  Queen  
  116  10:32  Drone  
  116  10:33  Drone x2  
  121  10:37  Muscular Augments  
  121  10:41  Roach  
  121  10:42  Roach  
  124  10:49  Drone x3  
  127  10:50  Hydralisk  
  127  10:51  Roach  
  127  10:53  Roach  
  133  11:08  Roach x9  
  151  11:13  Roach x4  
  159  11:23  Roach  
  159  11:24  Roach x3  
  130  11:47  Roach  
  130  11:48  Roach x8  
  130  11:51  Roach  
  130  11:52  Roach  
Show
View Real Time Build Order
Export as new Build Order

Dessa Zerg 

Build Orders: Pool First, Zergling Baneling 

Get SALT Encoding   

  12  0:01  Drone  
  13  0:13  Overlord  
  13  0:17  Drone  
  14  0:32  Drone x2  
  16  0:36  Drone  
  17  0:45  Extractor  
  17  0:47  Drone  
  17  0:52  Spawning Pool  
  16  0:57  Drone  
  17  1:19  Hatchery  
  17  1:25  Drone  
  17  1:26  Drone  
  17  1:30  Drone  
  19  1:43  Queen  
  21  1:49  Overlord  
  21  1:54  Zergling x2  
  22  1:59  Metabolic Boost  
  22  2:08  Zergling x2  
  22  2:15  Baneling Nest  
  22  2:18  Zergling x2  
  23  2:30  Zergling x2  
  23  2:32  Zergling x2  
  23  2:34  Queen  
  27  2:45  Zergling x2  
  28  2:53  Zergling x4, Overlord  
  28  2:56  Zergling x4  
  32  3:00  Baneling x2  
  31  3:06  Zergling x2  
  29  3:21  Zergling x4  
  29  3:22  Zergling x6  
  33  3:27  Baneling x3  
  31  3:35  Zergling x4  
  34  3:41  Zergling x2  
  30  3:59  Baneling x2, Drone x3  
  30  4:00  Drone x2  
  35  4:04  Baneling x2  
  35  4:09  Drone  
  36  4:14  Drone, Extractor  
  36  4:23  Overlord  
  36  4:26  Drone x2  
  36  4:27  Drone  
  36  4:30  Drone  
  35  4:54  Zergling x6  
  35  4:56  Drone x5  
  43  5:01  Roach Warren  
  42  5:08  Drone x5  
  47  5:16  Extractor  
  27  5:31  Zergling x10  
  27  5:32  Zergling x2  
  29  5:43  Zergling x8  
  29  5:48  Queen  
  31  5:56  Baneling x4  
  30  6:03  Drone x2  
  32  6:11  Baneling x2  
  32  6:12  Roach  
  34  6:36  Zergling x8  
  34  6:37  Zergling x2  
  24  7:03  Drone x4  
  24  7:04  Drone x2  
  28  7:08  Drone x2  
  28  7:13  Spine Crawler  
  29  7:20  Drone  
  29  7:21  Drone  
  31  7:35  Drone x2  
  32  7:40  Drone x2  
  34  7:50  Queen  
  36  7:52  Roach  
  36  7:54  Roach  
  40  8:00  Drone  
  40  8:02  Evolution Chamber  
  40  8:03  Drone  
  41  8:06  Drone  
  41  8:10  Drone  
  41  8:11  Roach  
  45  8:19  Roach x2  
  49  8:26  Lair  
  49  8:38  Drone  
  49  8:40  Drone x2  
  52  8:46  Overlord x2  
  52  9:04  Overlord x2  
  52  9:08  Pneumatized Carapace  
  56  9:10  Roach x6  
  56  9:15  Zerg Ground Armor Level 1  
  64  9:20  Evolution Chamber  
  64  9:23  Glial Reconstitution  
  63  9:24  Roach  
  65  9:32  Roach  
  65  9:33  Roach x2  
  65  9:38  Roach  
  73  9:43  Roach  
  75  9:46  Zerg Missile Weapons Level 1  
  75  9:47  Overlord  
  75  9:54  Ravager  
  75  9:57  Overlord  
  76  10:11  Roach x3  
  76  10:12  Roach, Overlord x2  
  83  10:37  Drone  
  83  10:38  Drone x2, Extractor  
  83  10:39  Drone x2  
  87  10:44  Hatchery  
  86  10:52  Overlord  
  86  10:53  Roach, Overlord  
  86  10:54  Roach x3  
  86  10:56  Ravager x3  
  98  10:57  Ravager  
  98  11:04  Unknown x2  
  98  11:08  Roach x2  
  98  11:10  Drone x2  
  98  11:11  Drone  
  105  11:24  Drone  
  105  11:25  Drone, Roach  
  91  11:44  Roach x4  
Tags
 
Add a new tag
Caveats
  • Supply blocks, unpowered buildings, or Contaminate may cause inaccurate times.
  • Supply counts are checked every 10 seconds.